 Dungeon Crawl Stone Soup version 0.28.0 (webtiles) character file.

Game seed: 17849857870060365442

2590 lollipopman the Skirmisher (level 9, -3/73 HPs)
             Began as a Demonspawn Gladiator on Feb 13, 2022.
             Was a Believer of Okawaru.
             Slain by a very large slime creature (16 damage)
             ... on level 8 of the Dungeon.
             The game lasted 00:27:02 (6964 turns).

lollipopman the Skirmisher (Demonspawn Gladiator)   Turns: 6964, Time: 00:27:02

Health: -3/73      AC: 15    Str: 23    XL:     9   Next: 33%
Magic:  15/15      EV: 13    Int: 10    God:    Okawaru [**....]
Gold:   272        SH:  0    Dex: 21    Spells: 16/16 levels left

rFire   . . .      SeeInvis .   m - +2 spear (vamp)
rCold   . . .      Faith    .   (no shield)
rNeg    . . .      Spirit   .   D - +0 storm dragon scales
rPois   +          Reflect  .   w - +0 helmet of Qazlal's Reproof {-Tele Rampage rPois Str+5}
rElec   +          Harm     .   y - +0 cloak
rCorr   .          Rampage  +   (no gloves)
Will    .....      NoTele   +   (no boots)
Stlth   ..........              (no amulet)
HPRegen 0.22/turn               M - +6 ring of dexterity
MPRegen 0.14/turn               (no ring)

@: no status effects
A: repulsion field 2, foul stench 1, demonic touch 2
a: Renounce Religion, Heroism


You were on level 8 of the Dungeon.
You worshipped Okawaru.
Okawaru was pleased with you.
You visited 2 branches of the dungeon, and saw 9 of its levels.
You also visited: Sewer.

You collected 272 gold pieces.

Inventory:

Hand Weapons
 m - a +2 vampiric spear (weapon)
 t - a +0 whip
 v - a +2 spectral club
 F - a +2 flail of protection
 G - a +3 flail
Missiles
 g - 235 stones (quivered)
 q - 11 poisoned darts
 A - 2 curare-tipped darts
Armour
 w - the +0 helmet of Qazlal's Reproof (worn) {-Tele Rampage rPois Str+5}
   (You took it off Robin on level 3 of the Dungeon)

   Str:       It affects your strength (+5).
   rPois:     It protects you from poison.
   -Tele:     It prevents most forms of teleportation.
   Rampage:   It bestows one free step when moving towards enemies.
 y - a +0 cloak (worn)
 B - a +0 scale mail
 D - +0 storm dragon scales (worn)
 J - a +2 kite shield
 K - a +2 hat
Magical Staves
 r - a staff of earth
Jewellery
 n - a ring of protection from cold
 M - a +6 ring of dexterity (left hand)
Wands
 d - a wand of digging (5)
 u - a wand of flame (12)
 L - a wand of mindburst (5)
Scrolls
 e - 7 scrolls of teleportation {unknown}
 f - 2 scrolls of noise {unknown}
 h - a scroll of fear {unknown}
 i - 2 scrolls of fog {unknown}
 j - 3 scrolls of blinking
 l - 2 scrolls of enchant weapon {unknown}
 s - a scroll of amnesia {unknown}
 C - a scroll of magic mapping {unknown}
 E - 6 scrolls of identify {unknown}
 H - 2 scrolls of vulnerability {unknown}
 I - a scroll of enchant armour {unknown}
Potions
 a - a potion of haste
 b - a potion of curing {unknown}
 c - a potion of ambrosia {unknown}
 k - 2 potions of brilliance {unknown}
 o - a potion of berserk rage {unknown}
 p - a potion of degeneration {unknown}
 x - 2 potions of attraction {unknown}
 z - a potion of lignification {unknown}
 N - a potion of mutation {unknown}


   Skills:
 * Level 7.6 Fighting
 - Level 3.0 Long Blades
 + Level 5.2 Polearms
 - Level 1.7 Throwing
 * Level 5.5 Armour
 - Level 3.9 Dodging
 - Level 4.0 Spellcasting


You had 16 spell levels left.
You didn't know any spells.
Your spell library contained the following spells:

 Spells                   Type           Power      Damage    Failure   Level
 Slow                     Hex            8%         N/A       87%         1


Dungeon Overview and Level Annotations

Branches:
Dungeon (8/15)             Temple (1/1) D:4           Sewer (visited)
   Lair: D:8-11

Altars:
Ashenzari
Cheibriados
Dithmenos
Elyvilon
Fedhas
Gozag
Hepliaklqana
Kikubaaqudgha
Makhleb
Nemelex Xobeh
Okawaru
Qazlal
Ru
Sif Muna
Trog
Uskayaw
Wu Jian
Xom
Yredelemnul
Zin
The Shining One


Innate Abilities, Weirdness & Mutations

You are surrounded by a moderate repulsion field. (EV +3)
You may rarely emit foul miasma when damaged in melee.
Your touch may inflict irresistible damage on your foes.


Message History

You now have 272 gold pieces (gained 18).
The large slime creature hits you!!
The large slime creature completely misses you.
A wyvern zombie comes into view.
You barely miss the wyvern zombie. The wyvern zombie bites you.
The large slime creature hits you!
You hit the wyvern zombie.
The wyvern zombie is lightly damaged.
The wyvern zombie bites you but does no damage.
The large slime creature hits you.
You barely miss the wyvern zombie.
You touch the wyvern zombie!
The wyvern zombie is moderately damaged.
The wyvern zombie bites you.
Two slime creatures merge to form a very large slime creature.
You hit the wyvern zombie.
You touch the wyvern zombie.
The wyvern zombie is heavily damaged.
The wyvern zombie bites you but does no damage.
You hit the wyvern zombie.
The wyvern zombie is severely damaged.
The wyvern zombie closely misses you.
You puncture the wyvern zombie!
The wyvern zombie is severely damaged.
The wyvern zombie bites you but does no damage.
The very large slime creature hits you!
* * * LOW HITPOINT WARNING * * *
You hit the wyvern zombie but do no damage.
You touch the wyvern zombie.
The wyvern zombie is almost destroyed.
The wyvern zombie bites you!
* * * LOW HITPOINT WARNING * * *
The very large slime creature hits you but does no damage.
You barely miss the wyvern zombie.
The wyvern zombie is almost destroyed.
The wyvern zombie barely misses you.
The very large slime creature barely misses you.
You hit the wyvern zombie.
You destroy the wyvern zombie!
Okawaru accepts your kill. The very large slime creature hits you!
You die...

#.# #.# #.###
#...# #.###
#J# #.#
###########.#
.......@J...#
#############


You could see a very large slime creature.

Vanquished Creatures
  Grinder (D:5)
  A steam dragon (D:7)
  Menkaure (D:4)
  A sky beast (D:7)
  3 necrophages (D:6)
  An ogre (D:7)
  2 centaurs
  3 bullfrogs
  A wyvern zombie (D:8)
  2 scorpions (D:6)
  A wyvern skeleton (D:5)
  A water moccasin skeleton (D:5)
  3 wights
  An electric eel (D:7)
  A bullfrog zombie (D:6)
  4 quasits (D:7)
  3 orc priests
  A hound (D:6)
  2 jellies
  2 centaur skeletons (D:4)
  Ijyb (D:3)
  An iguana (D:6)
  4 orc wizards
  Natasha (thrice) (D:4)
  The ghost of Musti the Sneak, a weakling MiDe (D:7)
  A hound zombie (D:5)
  A howler monkey zombie (D:6)
  Robin (D:3)
  5 gnolls
  8 adders
  2 white imps (D:7)
  An ufetubus (D:5)
  An adder skeleton (D:4)
  5 worms
  A dart slug (D:1)
  15 orcs
  6 ball pythons
  6 bats
  3 endoplasms
  7 giant cockroaches
  18 goblins
  7 hobgoblins
  7 kobolds
  8 quokkas
  15 frilled lizards
  2 rats
165 creatures vanquished.

Notes
Turn   | Place    | Note
-------+----------+-------------------------------------------
     0 | D:1      | lollipopman the Demonspawn Gladiator began the quest for
                  | the Orb.
     0 | D:1      | Reached XP level 1. HP: 16/16 MP: 1/1
    33 | D:1      | Gained mutation: Your touch may inflict minor irresistible
                  | damage on your foes. [demonic ancestry]
    33 | D:1      | Reached XP level 2. HP: 8/23 MP: 2/2
   669 | D:1      | Found a faded altar of an unknown god.
   678 | D:1      | Got Plato's Guide on Hexes
  1076 | D:2      | Reached XP level 3. HP: 26/28 MP: 4/4
  1088 | D:2      | Reached skill level 1 in Spellcasting
  1332 | D:2      | Found a blossoming altar of Fedhas.
  1545 | D:2      | Reached skill level 1 in Armour
  1773 | D:3      | Reached skill level 1 in Polearms
  1773 | D:3      | Gained mutation: Your touch may inflict irresistible damage
                  | on your foes. [demonic ancestry]
  1773 | D:3      | Reached XP level 4. HP: 30/34 MP: 5/5
  2249 | D:3      | Reached XP level 5. HP: 29/40 MP: 7/7
  2346 | D:3      | Identified the +0 helmet of Qazlal's Reproof {-Tele Rampage
                  | rPois Str+5}
  2346 | D:3      | Noticed Robin
  2492 | D:3      | Killed Robin
  2742 | D:3      | Noticed Ijyb
  2754 | D:3      | Killed Ijyb
  3048 | D:4      | Reached XP level 6. HP: 43/46 MP: 9/9
  3113 | D:4      | Noticed Natasha
  3117 | D:4      | Killed Natasha
  3118 | D:4      | Reached skill level 3 in Fighting
  3225 | D:4      | Noticed Natasha
  3228 | D:4      | Killed Natasha
  3408 | D:4      | Noticed Menkaure
  3413 | D:4      | Killed Menkaure
  3429 | D:4      | Noticed Natasha
  3434 | D:4      | Killed Natasha
  3650 | D:4      | Found a staircase to the Ecumenical Temple.
  3670 | D:4      | Gained mutation: You are surrounded by a mild repulsion
                  | field. (EV +2) [demonic ancestry]
  3670 | D:4      | Reached XP level 7. HP: 47/53 MP: 10/10
  3697 | Temple   | Entered the Ecumenical Temple
  3775 | Temple   | Became a worshipper of Warmaster Okawaru
  4010 | D:4      | Reached skill level 4 in Fighting
  4318 | D:5      | Entered Level 5 of the Dungeon
  4494 | D:5      | Noticed Grinder
  4498 | D:5      | Paralysed by Grinder for 6 turns
  4523 | D:5      | Killed Grinder
  4523 | D:5      | Reached * piety under Okawaru
  4637 | D:6      | Reached skill level 5 in Fighting
  4637 | D:6      | Gained mutation: You are surrounded by a moderate repulsion
                  | field. (EV +3) [demonic ancestry]
  4637 | D:6      | Reached XP level 8. HP: 50/62 MP: 11/13
  4951 | D:6      | Reached skill level 6 in Fighting
  5261 | D:6      | Reached ** piety under Okawaru
  5351 | D:6      | Found a glowing drain.
  5359 | Sewer    | Entered a sewer
  6091 | D:7      | Reached skill level 7 in Fighting
  6091 | D:7      | Gained mutation: You may rarely emit foul miasma when
                  | damaged in melee. [demonic ancestry]
  6091 | D:7      | Reached XP level 9. HP: 63/72 MP: 15/15
  6264 | D:7      | Noticed Musti's ghost (weakling MiDe)
  6272 | D:7      | Found a transporter.
  6285 | D:7      | Found a transporter.
  6310 | D:7      | Killed Musti's ghost
  6333 | D:7      | Reached skill level 5 in Polearms
  6333 | D:7      | Reached skill level 5 in Armour
  6964 | D:8      | Slain by a very large slime creature

Illustrated notes

Levels and vault maps discovered:
D:1:      wheals_arrival_shading, layout_basic,
          shapermc_ecumenical_altar_rom_forum
D:2:      layout_basic, basic_altar
D:3:      layout_basic, uniq_robin, uniq_ijyb
D:4:      layout_loops_corners, minmay_temple_entry_trees,
          minmay_misc_feat_pillars, uniq_natasha, uniq_menkaure
D:5:      layout_gridville, uniq_grinder, uniq_pikel
D:6:      layout_rooms, cheibrodos_sewer_entry_bend, moated_statue
D:7:      layout_loops_ring, enter_bailey_5, gammafunk_ghost_stat_death,
          kennysheep_generic_room_16
D:8:      layout_basic
Temple:   compressed_dpeg_circular_temple

Skill      XL: |  1  2  3  4  5  6  7  8  9 |
---------------+----------------------------+-----
Spellcasting   | 1 2 3 4 |  4.0
Long Blades    | 3 |  3.0
Dodging        | 3 |  3.9
Armour         | 1 2 3 4 5 |  5.5
Polearms       | 1 2 3 4 5 |  5.2
Fighting       | 3 5 7 |  7.6
Throwing       | |  1.7

Action                   |  1- 3 |  4- 6 |  7- 9 || total
-------------------------+-------+-------+-------++-------
Melee: Long sword        |    58 |       |       ||    58
       Touch             |    10 |    29 |    84 ||   123
       Spear             |    16 |   156 |   365 ||   537
       Punch             |       |     2 |    11 ||    13
Throw: Throwing net      |     3 |     2 |       ||     5
       Stone             |       |       |     3 ||     3
 Stab: Held in net/web   |     1 |     3 |       ||     4
Armor: Leather armour    |    21 |    35 |       ||    56
       Scale mail        |       |     3 |    80 ||    83
       Storm dragon scal |       |       |    87 ||    87
Dodge: Dodged            |    44 |    74 |   234 ||   352
